 Dungeon Crawl Stone Soup version 0.29-a0-234-g0dae59b3db (webtiles) character file.

Game seed: 16621576623418621329

99225 EnegeticOcto the Fetichist (level 15, -15/80 HPs)
             Began as a Spriggan Fire Elementalist on Jan 8, 2022.
             Was an Elder of Ashenzari.
             Demolished by a spriggan rider
             ... wielding a +0 spear
              (24 damage)
             ... on level 1 of the Swamp on Mar 2, 2022.
             The game lasted 01:19:34 (32845 turns).

EnegeticOcto the Fetichist (SpFE)                  Turns: 32845, Time: 01:19:35

Health: -15/80     AC: 10    Str:  6    XL:     15   Next: 77%
Magic:  18/33      EV: 38    Int: 19    God:    Ashenzari [****..]
Gold:   2897       SH:  0    Dex: 31    Spells: 7/40 levels left

rFire   + . .      SeeInvis +   I - +4 rapier (speed)
rCold   + + .      Faith    .   G - orb "Ruined Mutualism" {guile, Bglg, Comp} (curse)
rNeg    . . .      Spirit   .   H - +2 robe of the Cryptic Augurer {rC+ rF+, Self, Melee} (curse)
rPois   .          Reflect  .   r - +2 hat "Seer of the Eternal God" {Stlth+, Alch, Bglg} (curse)
rElec   .          Harm     .   k - scarf "At What Cost Knowledge?" {+Inv, Alch, Bglg} (curse)
rCorr   .          Rampage  .   (gloves unavailable)
Will    ++...      Clarity  +   (boots unavailable)
Stlth   ++++++++..              M - amulet "Wearghiz" {Acrobat rC+ Dex+8}
HPRegen 0.23/turn               i - ring of the Fated Stoicism {AC+4, Cun, Range} (curse)
MPRegen 0.23/turn               V - ring "Xibeil" {Fly Will++ Dex+4}

@: about to teleport, flying, very slightly contaminated, studying Bows, very
quick
A: very small, no large weapons, unfitting armour, see invisible, speed 3
a: Renounce Religion, Evoke Invisibility, Curse Item, Shatter the Chains


You were on level 1 of the Swamp.
You worshipped Ashenzari.
Ashenzari was greatly pleased with you.
You visited 5 branches of the dungeon, and saw 25 of its levels.
You also visited: Bailey.

You collected 3834 gold pieces.
You spent 937 gold pieces at shops.

Inventory:

Hand Weapons
 d - the +5 rapier "Duenon" {vorpal, rCorr Dex+3}
   (You found it on level 14 of the Dungeon)

   It inflicts extra damage upon your enemies.
   Dex:       It affects your dexterity (+3).
   rCorr:     It protects you from acid and corrosion.
 I - a +4 rapier of speed (weapon)
   (You took it off Duvessa on level 7 of the Dungeon)
Missiles
 c - 7 curare-tipped darts
 f - 7 atropa-tipped darts
 p - 2 throwing nets {!f}
 K - 17 poisoned darts (quivered)
Armour
 k - the cursed scarf "At What Cost Knowledge?" (worn) {+Inv, Alch, Bglg}
   (You found it on level 3 of the Lair of Beasts)

   It has a curse which improves the following skills: Alchemy: Poison Magic and
   Transmutations.
   Beguiling: Conjurations, Hexes and Translocations.
 r - the cursed +2 hat "Seer of the Eternal God" (worn) {Stlth+, Alch, Bglg}
   (You took it off Gastronok on level 8 of the Dungeon)

   It has a curse which improves the following skills: Alchemy: Poison Magic and
   Transmutations.
   Beguiling: Conjurations, Hexes and Translocations.
 G - the cursed orb "Ruined Mutualism" (worn) {guile, Bglg, Comp}
   (You found it on level 13 of the Dungeon)

   It has a curse which improves the following skills: Beguiling: Conjurations,
   Hexes and Translocations.
   Companions: Summonings and Necromancy.
 H - the cursed +2 robe of the Cryptic Augurer (worn) {rC+ rF+, Self, Melee}
   (You took it off Sigmund on level 6 of the Dungeon)

   It has a curse which improves the following skills: Introspection: Fighting
   and Spellcasting.
   Melee Combat: Short Blades, Long Blades, Axes, Maces & Flails, Polearms,
   Staves and Unarmed Combat.
Jewellery
 i - the cursed ring of the Fated Stoicism (left hand) {AC+4, Cun, Range}
   (You found it on level 2 of the Dungeon)

   [ring of protection]

   AC:        It affects your AC (+4).
   It has a curse which improves the following skills: Cunning: Dodging and
   Stealth.
   Ranged Combat: Slings, Bows, Crossbows and Throwing.
 M - the amulet "Wearghiz" (around neck) {Acrobat rC+ Dex+8}
   (You acquired it on level 14 of the Dungeon)

   [amulet of the acrobat]

   It increases your evasion while moving and waiting.
   Dex:       It affects your dexterity (+8).
   rC:        It protects you from cold.
 V - the ring "Xibeil" (right hand) {Fly Will++ Dex+4}
   (You found it on level 2 of the Lair of Beasts)

   [ring of flight]

   Dex:       It affects your dexterity (+4).
   Fly:       It grants you flight.
   Will:      It greatly increases your willpower.
 W - a ring of poison resistance
   (You found it on level 1 of the Swamp)
Wands
 a - a wand of charming (8)
   (You found it on level 7 of the Dungeon)
 h - a wand of mindburst (4)
   (You took it off an orc priest on level 10 of the Dungeon)
 u - a wand of acid (18) {@v1}
   (You found it on level 4 of the Dungeon)
 v - a wand of iceblast (22) {@v2}
   (You found it on level 7 of the Dungeon)
 w - a wand of flame (48) {@v4}
   (You found it on level 8 of the Dungeon)
 T - a wand of paralysis (12)
   (You found it on level 2 of the Lair of Beasts)
 X - a wand of polymorph (8)
   (You found it on level 4 of the Lair of Beasts)
Scrolls
 b - 2 scrolls of enchant armour
 m - 13 scrolls of teleportation {@r3 !r}
 n - 7 scrolls of vulnerability
 y - 3 scrolls of silence
 z - 3 scrolls of summoning
 B - 6 scrolls of fear {!r}
 E - 4 scrolls of magic mapping {@r5 !r}
 L - a scroll of holy word
 O - 2 scrolls of fog {!r}
 Q - 3 scrolls of blinking {@r4}
 Z - 5 scrolls of immolation
Potions
 e - 5 potions of brilliance
 g - 5 potions of haste {@q4 !q}
 j - 5 potions of flight
 l - 5 potions of ambrosia
 o - 2 potions of lignification {@q6}
 q - 8 potions of heal wounds {@q2 !q}
 s - 5 potions of might {@q3 !q}
 x - 7 potions of curing {@q1 !q}
 A - a potion of invisibility
 C - 4 potions of mutation
 D - 3 potions of cancellation
 F - a potion of attraction
 N - a potion of resistance
 U - 2 potions of berserk rage
 Y - a potion of magic
Miscellaneous
 t - a piece from Xom's chessboard (15/15)
   (You found it on level 3 of the Dungeon)
 J - a phial of floods
   (You found it on level 11 of the Dungeon)
 P - a condenser vane
   (You found it on level 10 of the Dungeon)
 R - a box of beasts
   (You found it on level 1 of the Lair of Beasts)
 S - a phantom mirror
   (You found it on level 1 of the Lair of Beasts)


   Skills:
 - Level 7.9(10.0) Fighting
 - Level 14.0(15.8) Short Blades
 + Level 13.3(15.1) Dodging
 + Level 12.0(13.9) Stealth
 - Level 11.0(13.0) Spellcasting
 - Level 0.6(2.3) Conjurations
 - Level 13.4(17.2) Hexes
 - Level 5.0 Fire Magic
 - Level 2.0 Ice Magic
 - Level 18.0 Evocations


You had 7 spell levels left.
You knew the following spells:

 Your Spells              Type           Power      Damage    Failure   Level
a - Ensorcelled Hibernat  Hex/Ice        96%        N/A       1%          2
b - Enfeeble              Hex            33%        N/A       3%          7
c - Confusing Touch       Hex            67%        N/A       0%          3
d - Inner Flame           Hex/Fire       53%        N/A       1%          3
e - Mephitic Cloud        Conj/Pois/Air  15%        N/A       12%         3
f - Summon Mana Viper     Hex/Summ       45%        N/A       4%          5
g - Tukima's Dance        Hex            67%        N/A       0%          3
p - Passwall              Tmut/Erth      10%        N/A       8%          2
W - Silence               Hex/Air        22%        N/A       4%          5

Your spell library contained the following spells:

 Spells                   Type           Power      Damage    Failure   Level
 Slow                     Hex            100%       N/A       0%          1
 Foxfire                  Conj/Fire      100%       2x1d9     1%          1
 Scorch                   Fire           62%        2d8       1%          2
 Dazzling Flash           Conj/Hex       98%        N/A       1%          3
 Portal Projectile        Hex/Tloc       92%        N/A       1%          3
 Leda's Liquefaction      Hex/Erth       22%        N/A       1%          4
 Magic Dart               Conj           84%        1d7       2%          1
 Conjure Flame            Conj/Fire      26%        6-21      3%          3
 Beastly Appendage        Tmut           26%        N/A       4%          1
 Pain                     Necr           52%        1d6       4%          1
 Sandblast                Erth           24%        2d8       5%          1
 Wereblood                Tmut           13%        N/A       7%          2
 Call Imp                 Summ           13%        N/A       8%          2
 Ignite Poison            Fire/Tmut/Pois 19%        N/A       8%          3
 Stone Arrow              Conj/Erth      32%        3d9       11%         3
 Flame Wave               Conj/Fire      26%        2d7       12%         4
 Spider Form              Tmut/Pois      13%        N/A       14%         3
 Call Canine Familiar     Summ           13%        N/A       16%         3
 Vampiric Draining        Necr           13%        2d6       16%         3
 Freezing Cloud           Conj/Ice/Air   8%         6-21      63%         5
 Agony                    Necr           13%        N/A       80%         5
 Excruciating Wounds      Necr           6%         N/A       80%         5
 Summon Cactus Giant      Summ           6%         N/A       100%        6


Dungeon Overview and Level Annotations

Branches:
Dungeon (15/15)            Temple (1/1) D:6            Lair (6/6) D:8
  Swamp (1/4) Lair:4       Spider (0/4) Lair:3        Slime (0/5) Lair:5
    Orc (2/2) D:12            Elf (0/3) Orc:2        Vaults (0/5) D:13
 Depths (0/4) D:15         Bailey (visited)

Altars:
Ashenzari
Cheibriados
Dithmenos
Elyvilon
Fedhas
Gozag
Hepliaklqana
Kikubaaqudgha
Makhleb
Nemelex Xobeh
Okawaru
Qazlal
Ru
Sif Muna
Trog
Uskayaw
Vehumet
Wu Jian
Xom
Yredelemnul
Zin
The Shining One
Beogh

Shops:
D:11 [   D:15 *   Orc:2 [?!=

Annotations:
Lair:1 2 transporters, bezhaha's ghost, journeyman DjIE
Lair:2 3 runed translucent doors, Nesabuf's ghost, journeyman MiBe; makewrite's ghost, journeyman MiMo
Lair:3 1 runed translucent door, Tevar's ghost, journeyman TrAK


Innate Abilities, Weirdness & Mutations

You are very small and have problems with some larger weapons.
You are too small for most types of armour.
You have supernaturally acute eyesight. (SInv)
You cover ground extremely quickly. (Speed+++)


Message History

You now have 2880 gold pieces (gained 17).
You now have 2897 gold pieces (gained 17).
Found a stone staircase leading down.
Found a scroll of identify.
You see here a scroll of identify {@r1}.
Found a +0 dagger of speed.
Found a stone staircase leading down.
Found a stone staircase leading down.
You see here a +0 dagger of speed.
There is a stone staircase leading down here.
There is a stone staircase leading down here.
You see here a +0 dagger of speed.
A bog body comes into view.
A bog body is nearby!
A bog body is nearby!
Found a +0 halberd.
A tyrant leech comes into view.
The helpless bog body fails to defend itself.
You spit the bog body like a pig!!!!!
You destroy the bog body!
A swamp dragon comes into view.
Found a scroll of magic mapping.
A spriggan rider comes into view. It is wielding a +0 spear.
The helpless swamp dragon fails to defend itself.
You spit the swamp dragon like a pig!!!!!
You kill the swamp dragon!
The +0 swamp dragon scales are intact enough to wear.
A spriggan rider comes into view. It is wielding a +0 spear.
The spriggan rider shouts!
You hear a shout!
Found a +0 ring mail.
The tyrant leech misses you.
You puncture the tyrant leech!
The tyrant leech is lightly wounded.
Cast which spell? (? or * to list)
Aiming: Enfeeble (dangerous; 3% risk of failure)
Press: ? - help, Shift-Dir - straight line, f - tyrant leech
Aim: a tyrant leech (water, lightly wounded, will inflict weakness, chance to daze and blind: 95%)
The tyrant leech is enfeebled!
The tyrant leech is lost in a daze.
You closely miss the tyrant leech.
The tyrant leech is lightly wounded.
You catch the helpless tyrant leech completely off-guard!
You spit the tyrant leech like a pig!!!!
You kill the tyrant leech!
A bunyip comes into view.
A spriggan rider comes into view. It is wielding a +0 spear.
Casting: Enfeeble (dangerous; 3% risk of failure)
Confirm with . or Enter, or press ? or * to list all spells.
Aiming: Mephitic Cloud (dangerous; 12% risk of failure)
Press: ? - help, Shift-Dir - straight line You miscast Mephitic Cloud.
You are very lightly contaminated with residual magic.
Nothing appears to happen.
The spriggan rider shouts!
The spriggan rider barely misses you.
Casting: Mephitic Cloud (dangerous; 12% risk of failure)
Confirm with . or Enter, or press ? or * to list all spells.
Aiming: Mephitic Cloud (dangerous; 12% risk of failure)
Press: ? - help, Shift-Dir - straight line, f - spriggan rider
Aim: a spriggan rider, wielding a +0 spear (chance to affect: 48%)
The ball explodes into a vile cloud!
The stinking cloud engulfs the spriggan rider but does no damage. x2
The spriggan rider is engulfed in noxious fumes.
The spriggan rider hits you from afar with a +0 spear!!
The spriggan rider is engulfed in noxious fumes.
The spriggan rider appears confused.
Casting: Mephitic Cloud (dangerous; 12% risk of failure)
Confirm with . or Enter, or press ? or * to list all spells.
Aiming: Mephitic Cloud (dangerous; 12% risk of failure)
Press: ? - help, Shift-Dir - straight line, p - spriggan rider The ball explodes into a vile cloud!
The stinking cloud engulfs the spriggan rider but does no damage. x3
The spriggan rider is engulfed in noxious fumes.
The spriggan rider appears confused.
The spriggan rider is engulfed in noxious fumes. x2
The spriggan rider hits the spriggan rider with a +0 spear!
The spriggan rider is engulfed in noxious fumes.
The spriggan rider appears confused.
The spriggan rider completely misses you.
The spriggan rider is engulfed in noxious fumes.
The spriggan rider completely misses you.
You puncture the spriggan rider!
The spriggan rider is moderately wounded.
You catch the helpless spriggan rider completely off-guard!
You perforate the spriggan rider like a sieve!!!
You kill the spriggan rider!
You kill the hornet!
The spriggan rider is engulfed in noxious fumes.
The spriggan rider appears confused.
A bog body comes into view.
Your base Stealth skill increases to level 12!
The spriggan rider is engulfed in noxious fumes.
The spriggan rider hits you with a +0 spear!!
Really read
m - 14 scrolls of teleportation {@r3 !r}?
As you read the scroll of teleportation {@r3 !r}, it crumbles to dust.
You feel strangely unstable. The bunyip misses you. The bunyip claws you!!
* * * LOW HITPOINT WARNING * * *
The bunyip completely misses you.
A goliath frog comes into view.
The spriggan rider is engulfed in noxious fumes.
The spriggan rider hits you with a +0 spear!!
You die...

♣♣♣ *♣♣..i.....?♣ * ≈,
♣.♣♣♣♣♣♣......♣...♣♣ ≈,, **
≈≈≈≈≈♣♣...≈♣≈≈.≈≈..♣♣♣.[≈
≈≈≈≈≈♣♣..≈≈≈≈≈≈≈≈[...♣... ,
≈.≈..♣..≈≈≈≈≈≈≈≈≈≈≈..n≈..
**
.......♣≈≈≈.≈≈≈≈≈≈≈♣F....,*
♣≈≈♣≈..≈≈≈≈≈.).♣♣≈≈≈♣...
,,* ♣♣♣♣♣♣♣≈≈≈♣...°i°≈≈≈♣♣
. ♣♣♣♣ *♣≈≈≈....°°@i≈≈≈♣*,
♣≈♣≈≈≈....x≈≈≈≈≈♣ *
♣♣≈≈≈≈.....≈≈♣≈♣♣ , * *
♣♣≈♣≈.....♣♣♣♣♣ , ≈
,≈♣♣♣≈.....♣♣♣ ≈ , , , ≈
....≈≈.§.≈≈ * ,, ** ,≈≈,
≈,≈.......≈ ,, ,, ≈, , * ,
≈ ..≈.≈≈.≈. ,, ,, , *
≈≈≈....≈.... ,, ≈ **


You could see a bunyip, 2 spriggan riders, a goliath frog and a bog body.

Vanquished Creatures
  Gastronok (D:8)
  2 orc warlords
  A war gargoyle (D:13)
  A dire elephant (Lair:6)
  2 fire dragons (D:15)
  Harold (D:11)
  Fannar (Orc:1)
  Erolcha (Orc:1)
  5 hydras
  A vault guard (D:13)
  Erica (D:8)
  5 boulder beetles
  8 centaur warriors
  A ghost crab (Swamp:1)
  5 two-headed ogres
  2 tengu warriors
  4 death yaks
  3 orc high priests (Orc:2)
  Urug (Lair:1)
  Sonja (Orc:1)
  3 skeletal warriors (D:14)
  A fire crab (D:14)
  A bog body (Swamp:1)
  A swamp dragon (Swamp:1)
  A lindwurm (Lair:6)
  4 orc knights (Orc:2)
  4 wizards
  A necromancer (D:15)
  An oklob plant (Lair:4)
  3 manticores
  7 deep elf pyromancers
  8 orc sorcerers
  9 ugly things
  8 cyclopes
  10 elephants
  2 black mambas
  A naga mage (D:15)
  A torpor snail (Lair:3)
  Maggie (D:8)
  2 centaur skeletons (D:15)
  9 gargoyles
  An efreet (D:15)
  11 cane toads
  2 kobold demonologists
  An unseen horror (D:12)
  A rime drake (shapeshifter) (D:13)
  A rime drake (Lair:3)
  A yaktaur (shapeshifter) (D:14)
  9 komodo dragons
  9 trolls
  A meliai (shapeshifter) (D:15)
  2 polar bears
  3 meliai (D:15)
  5 hornets
  Grinder (D:4)
  A tyrant leech (Swamp:1)
  5 slime creatures
  10 blink frogs
  Sigmund (D:6)
  2 centaur simulacra (D:15)
  12 spriggans
  4 wyverns
  A dire elephant simulacrum (Lair:6)
  44 yaks
  4 wraiths
  2 basilisks
  3 steam dragons (D:10)
  Edmund (D:5)
  9 vampire mosquitoes
  2 wargs (Orc:1)
  An acid dragon (D:13)
  Duvessa (D:7)
  18 water moccasins
  26 orc warriors
  A black bear (D:7)
  4 sky beasts
  2 necrophages
  3 boggarts (Lair:3)
  2 wolves (Lair:2)
  2 ogres
  8 centaurs
  A phantom (D:6)
  Blork the orc (D:4)
  8 bullfrogs
  A wyvern zombie (D:6)
  A cane toad simulacrum (Lair:6)
  A wyvern skeleton (D:5)
  A water moccasin skeleton (D:5)
  Dowan (D:7)
  19 killer bees
  14 wights
  6 howler monkeys
  2 electric eels
  7 centaur zombies
  3 bullfrog zombies
  2 hounds (D:6)
  2 jellies
  A bullfrog skeleton (D:4)
  14 orc priests
  Jessica (D:2)
  5 iguanas
  13 orc wizards
  A howler monkey zombie (D:10)
  A howler monkey skeleton (D:6)
  6 gnolls
  4 adders
  A shadow imp (D:7)
  A white imp (D:7)
  An ufetubus (D:5)
  2 adder skeletons (D:3)
  A worm (D:2)
  A dart slug (D:1)
  48 orcs
  8 ball pythons
  5 endoplasms
  5 giant cockroaches
  11 goblins
  11 hobgoblins
  3 quokkas
  A ball python skeleton (D:3)
  4 bats
  3 frilled lizards
  19 kobolds
  4 rats (D:1)
587 creatures vanquished.

Vanquished Creatures (collateral kills)
  A two-headed ogre (D:10)
  A spriggan (Lair:3)
  An orc warrior (D:9)
  A centaur (D:15)
  2 orc wizards (Orc:2)
  An orc (Orc:2)
  4 foxfires (D:1)
11 creatures vanquished.

Vanquished Creatures (others)
  3 dancing weapons
  A centaur (D:14)
  518 foxfires
  17 fungi
  24 plants
  22 withered plants
585 creatures vanquished.

Grand Total: 1183 creatures vanquished

Notes
Turn   | Place    | Note
-------+----------+-------------------------------------------
     0 | D:1      | EnegeticOcto the Spriggan Fire Elementalist began the quest
                  | for the Orb.
     0 | D:1      | Reached XP level 1. HP: 9/9 MP: 5/5
   128 | D:1      | Reached skill level 3 in Spellcasting
   333 | D:1      | Reached XP level 2. HP: 13/13 MP: 4/7
   468 | D:1      | Reached skill level 4 in Spellcasting
  1225 | D:2      | Reached skill level 4 in Stealth
  1225 | D:2      | Reached XP level 3. HP: 12/16 MP: 7/9
  1332 | D:2      | Noticed Jessica
  1360 | D:2      | Killed Jessica
  1361 | D:2      | Reached skill level 5 in Stealth
  1361 | D:2      | Reached skill level 3 in Dodging
  1473 | D:2      | Reached XP level 4. HP: 16/21 MP: 8/11
  1716 | D:2      | Found a white marble altar of Elyvilon.
  2283 | D:3      | Found a radiant altar of Vehumet.
  2302 | D:3      | Noticed a necrophage
  2326 | D:3      | Killed a necrophage
  2327 | D:3      | Reached skill level 5 in Dodging
  2327 | D:3      | Reached skill level 3 in Fire Magic
  2327 | D:3      | Reached XP level 5. HP: 24/24 MP: 5/12
  2330 | D:3      | Learned a level 2 spell: Scorch
  2334 | D:3      | Learned a level 3 spell: Inner Flame
  2692 | D:3      | Found a shimmering altar of Xom.
  3189 | D:4      | Noticed Blork the orc
  3204 | D:4      | Killed Blork the orc
  3205 | D:4      | Reached skill level 4 in Fire Magic
  3205 | D:4      | Reached XP level 6. HP: 28/28 MP: 4/13
  3350 | D:4      | Reached skill level 1 in Hexes
  3720 | D:4      | Reached skill level 6 in Stealth
  3770 | D:4      | Noticed Grinder
  3952 | D:4      | Identified the +6 chain mail of Rationality {+Inv MP+9}
  3961 | D:5      | Entered Level 5 of the Dungeon
  4026 | D:5      | Reached skill level 2 in Hexes
  4093 | D:5      | Reached skill level 5 in Spellcasting
  4093 | D:5      | Reached XP level 7. HP: 32/32 MP: 6/15
  4264 | D:5      | Reached skill level 3 in Hexes
  4691 | D:5      | Reached skill level 4 in Hexes
  4887 | D:5      | Reached skill level 6 in Spellcasting
  4944 | D:5      | Found a sparkling altar of Nemelex Xobeh.
  4993 | D:5      | Reached skill level 5 in Hexes
  5224 | D:5      | You fall into a shaft and drop 3 floors!
  5231 | D:8      | Noticed a hornet
  5253 | D:8      | Reached skill level 6 in Hexes
  5399 | D:7      | Reached XP level 8. HP: 24/36 MP: 4/18
  5602 | D:7      | Reached skill level 7 in Hexes
  5602 | D:7      | Reached skill level 1 in Fighting
  5605 | D:7      | Found a flagged portal.
  5647 | Bailey   | Entered a bailey
  5722 | Bailey   | Noticed an orc warlord
  5800 | Bailey   | Reached skill level 2 in Fighting
  5998 | Bailey   | Found a runed translucent gate.
  6001 | Bailey   | Found a runed translucent gate.
  6002 | Bailey   | Found a runed translucent gate.
  6042 | Bailey   | Reached skill level 7 in Spellcasting
  6057 | Bailey   | Reached skill level 7 in Stealth
  6322 | Bailey   | Killed an orc warlord
  6323 | Bailey   | Reached skill level 5 in Fire Magic
  6323 | Bailey   | Reached skill level 8 in Dodging
  6323 | Bailey   | Reached XP level 9. HP: 43/43 MP: 2/20
  6538 | Bailey   | Acquired a book of Debilitation
  6540 | Bailey   | Acquired 1366 gold pieces
  6546 | Bailey   | Learned a level 3 spell: Confusing Touch
  6550 | Bailey   | Learned a level 3 spell: Mephitic Cloud
  6611 | D:7      | Noticed Duvessa
  6611 | D:7      | Noticed Dowan
  6690 | D:7      | Reached skill level 1 in Short Blades
  6912 | D:7      | Reached skill level 3 in Fighting
  7097 | D:5      | Reached skill level 2 in Short Blades
  7653 | D:6      | Noticed Edmund
  7705 | D:5      | Killed Edmund
  7706 | D:5      | Reached skill level 3 in Short Blades
  8061 | D:6      | Reached skill level 4 in Short Blades
  8218 | D:6      | Reached skill level 5 in Short Blades
  8649 | D:6      | Found a staircase to the Ecumenical Temple.
  8671 | Temple   | Entered the Ecumenical Temple
  8920 | Temple   | Became a worshipper of Ashenzari the Shackled
  8951 | D:6      | Reached skill level 6 in Short Blades
  9262 | D:6      | Noticed Sigmund
  9283 | D:6      | Killed Sigmund
  9625 | D:4      | Killed Grinder
  9626 | D:4      | Reached skill level 7 in Short Blades
 10458 | D:7      | Killed Duvessa
 10459 | D:7      | Reached XP level 10. HP: 49/49 MP: 12/21
 10470 | D:7      | Killed Dowan
 10665 | D:8      | Noticed Maggie
 10665 | D:8      | Noticed Erica
 10806 | D:8      | Reached skill level 8 in Short Blades
 10819 | D:8      | Killed Maggie
 11307 | D:8      | Noticed a two-headed ogre
 11694 | D:8      | Killed a two-headed ogre
 11695 | D:8      | Reached skill level 4 in Fighting
 11695 | D:8      | Reached skill level 9 in Dodging
 11781 | D:8      | Noticed Gastronok
 11795 | D:8      | Found a staircase to the Lair.
 12018 | D:8      | Killed Erica
 12019 | D:8      | Reached skill level 9 in Short Blades
 12588 | D:9      | Found a glowing golden altar of the Shining One.
 12933 | D:9      | Reached skill level 5 in Fighting
 13022 | D:9      | Reached * piety under Ashenzari
 13035 | D:9      | Learned a level 2 spell: Ensorcelled Hibernation
 13039 | D:9      | Learned a level 3 spell: Tukima's Dance
 13549 | D:9      | Reached ** piety under Ashenzari
 13560 | D:9      | Found an opulent altar of Gozag.
 13691 | D:10     | Entered Level 10 of the Dungeon
 14286 | D:10     | Noticed a centaur warrior
 14291 | D:10     | Killed a centaur warrior
 14292 | D:10     | Reached skill level 10 in Short Blades
 14292 | D:10     | Reached XP level 11. HP: 48/56 MP: 10/22
 14352 | D:10     | Reached skill level 8 in Hexes
 14561 | D:10     | Reached skill level 6 in Fighting
 14828 | D:10     | Noticed a two-headed ogre
 14847 | D:10     | Killed a two-headed ogre
 14848 | D:10     | Reached skill level 9 in Hexes
 15106 | D:10     | Found a shadowy altar of Dithmenos.
 15111 | D:10     | Found an ornate altar of the Wu Jian Council.
 15121 | D:10     | Found a snail-covered altar of Cheibriados.
 15301 | D:10     | Found a hazy altar of Hepliaklqana.
 15410 | D:10     | Reached skill level 11 in Short Blades
 15720 | D:8      | Killed Gastronok
 15759 | Lair:1   | Entered Level 1 of the Lair of Beasts
 15762 | Lair:1   | Reached skill level 10 in Hexes
 15794 | Lair:1   | Reached skill level 1 in Evocations
 15836 | Lair:1   | Found a transporter.
 15843 | Lair:1   | Found a transporter.
 15846 | Lair:1   | Noticed bezhaha's ghost (journeyman DjIE)
 15846 | Lair:1   | Identified the ring of Gonuschoe {rF+ SInv}
 15997 | Lair:1   | Noticed Urug
 16013 | Lair:1   | Killed Urug
 16014 | Lair:1   | Reached skill level 2 in Evocations
 16167 | Lair:1   | Reached skill level 3 in Evocations
 16695 | Lair:2   | Reached skill level 12 in Short Blades
 16695 | Lair:2   | Reached skill level 4 in Evocations
 16695 | Lair:2   | Reached XP level 12. HP: 61/61 MP: 20/23
 16969 | Lair:2   | Reached skill level 11 in Hexes
 17066 | Lair:2   | Found a runed translucent gate.
 17066 | Lair:2   | Found a runed translucent gate.
 17066 | Lair:2   | Found a runed translucent gate.
 17070 | Lair:2   | Noticed makewrite's ghost (journeyman MiMo)
 17070 | Lair:2   | Noticed Nesabuf's ghost (journeyman MiBe)
 17165 | Lair:2   | Reached skill level 5 in Evocations
 17436 | Lair:2   | Reached skill level 6 in Evocations
 17577 | Lair:2   | Identified the ring "Xibeil" {Fly Will++ Dex+4}
 17738 | Lair:2   | Reached *** piety under Ashenzari
 17939 | Lair:2   | Learned a level 2 spell: Passwall
 18444 | Lair:3   | Reached skill level 12 in Hexes
 18444 | Lair:3   | Reached skill level 7 in Evocations
 18561 | Lair:3   | Reached skill level 13 in Short Blades
 18772 | Lair:3   | Found a hole to the Spider Nest.
 18845 | Lair:3   | Found a runed translucent door.
 18857 | Lair:3   | Found a shimmering altar of Xom.
 18857 | Lair:3   | Noticed Tevar's ghost (journeyman TrAK)
 19008 | Lair:3   | Reached skill level 8 in Evocations
 19157 | Lair:3   | Noticed a five-headed hydra
 19469 | Lair:3   | Noticed a six-headed hydra
 19488 | Lair:3   | Killed a six-headed hydra
 19489 | Lair:3   | Reached skill level 9 in Evocations
 19489 | Lair:3   | Reached XP level 13. HP: 65/65 MP: 23/24
 19676 | Lair:3   | Reached skill level 13 in Hexes
 20016 | Lair:4   | Found a glowing golden altar of the Shining One.
 20160 | Lair:4   | Found a staircase to the Swamp.
 20520 | Lair:4   | Reached skill level 14 in Short Blades
 20631 | Lair:4   | Reached skill level 10 in Evocations
 21091 | Lair:4   | Reached **** piety under Ashenzari
 21209 | Lair:4   | Upgraded the game from 0.28-a0-1429-gf3d713df7a to
                  | 0.28-a0-1444-g6c55d0bc0c
 21216 | Lair:5   | Found a staircase to the Slime Pits.
 21369 | Lair:5   | Reached skill level 11 in Evocations
 21435 | Lair:5   | Reached ***** piety under Ashenzari
 22177 | Lair:6   | Entered Level 6 of the Lair of Beasts
 22180 | Lair:6   | Reached skill level 12 in Evocations
 22573 | Lair:6   | Reached skill level 13 in Evocations
 22744 | Lair:6   | Reached skill level 14 in Evocations
 23642 | Lair:6   | Noticed a dire elephant
 23657 | Lair:6   | Learned a level 5 spell: Silence
 23670 | Lair:6   | Learned a level 7 spell: Enfeeble
 23673 | Lair:6   | Noticed a dire elephant
 23698 | Lair:6   | Killed a dire elephant
 23705 | Lair:6   | Noticed a dire elephant
 24449 | D:11     | Reached skill level 15 in Evocations
 24511 | D:11     | Reached skill level 8 in Stealth
 24690 | D:11     | Reached XP level 14. HP: 73/75 MP: 29/29
 24701 | D:11     | Reached skill level 9 in Stealth
 25050 | D:11     | Noticed Harold
 25097 | D:11     | Found Vedoat's Antique Armour Boutique.
 25171 | D:11     | Killed Harold
 25227 | D:11     | Reached skill level 10 in Stealth
 25655 | D:12     | Found a staircase to the Orcish Mines.
 25740 | D:12     | Reached skill level 11 in Stealth
 26190 | Orc:1    | Entered Level 1 of the Orcish Mines
 26190 | Orc:1    | Noticed Sonja
 26190 | Orc:1    | Noticed Fannar
 26199 | Orc:1    | Killed Fannar
 26200 | Orc:1    | Killed Sonja
 26391 | Orc:2    | Entered Level 2 of the Orcish Mines
 26410 | Orc:1    | Noticed Erolcha
 26439 | Orc:1    | Killed Erolcha
 27017 | Orc:2    | Reached skill level 8 in Spellcasting
 27058 | Orc:2    | Found a staircase to the Elven Halls.
 27100 | Orc:2    | Noticed an orc warlord
 27113 | Orc:2    | Killed an orc warlord
 27600 | Orc:2    | Found Riulun Finink's Jewellery Boutique.
 27610 | Orc:2    | Reached skill level 16 in Evocations
 27613 | Orc:2    | Reached skill level 9 in Spellcasting
 28041 | Orc:2    | Found Qoklatz's Antique Armour Boutique.
 28042 | Orc:2    | Found Lud Aniq's Magic Scroll Shoppe.
 28047 | Orc:2    | Found Beitiu's Distillery.
 28438 | D:13     | Reached skill level 17 in Evocations
 28742 | D:13     | Found a gate to the Vaults.
 28865 | D:13     | Reached skill level 1 in Ice Magic
 28865 | D:13     | Reached skill level 18 in Evocations
 29054 | D:13     | Reached skill level 2 in Ice Magic
 29462 | D:13     | Reached XP level 15. HP: 66/78 MP: 8/32
 29890 | D:14     | Acquired the amulet "Wearghiz" {Acrobat rC+ Dex+8}
 29908 | D:14     | Identified the Almanac of Creative Enchantment
 29910 | D:14     | Reached skill level 10 in Dodging
 29912 | D:14     | Identified the +5 rapier "Duenon" {vorpal, rCorr Dex+3}
 29916 | D:14     | Reached skill level 10 in Spellcasting
 30858 | D:14     | Reached skill level 7 in Fighting
 30859 | D:14     | Reached skill level 11 in Dodging
 31129 | D:14     | Reached skill level 11 in Spellcasting
 31308 | D:14     | Learned a level 5 spell: Summon Mana Viper
 31310 | D:15     | Entered Level 15 of the Dungeon
 31451 | D:15     | Found Nyoss's Assorted Antiques.
 31461 | D:15     | Bought a potion of heal wounds for 155 gold pieces
 31600 | D:15     | Reached skill level 12 in Dodging
 31668 | D:15     | Found a staircase to the Depths.
 32211 | D:12     | Reached skill level 13 in Dodging
 32289 | Orc:2    | Bought a scroll of fear for 42 gold pieces
 32289 | Orc:2    | Bought a scroll of fear for 42 gold pieces
 32289 | Orc:2    | Bought a scroll of magic mapping for 42 gold pieces
 32297 | Orc:2    | Bought a potion of heal wounds for 80 gold pieces
 32297 | Orc:2    | Bought a potion of brilliance for 64 gold pieces
 32297 | Orc:2    | Bought a potion of mutation for 128 gold pieces
 32297 | Orc:2    | Bought a potion of haste for 160 gold pieces
 32297 | Orc:2    | Bought a potion of brilliance for 64 gold pieces
 32297 | Orc:2    | Bought 2 potions of berserk rage for 160 gold pieces
 32324 | Orc:2    | Upgraded the game from 0.28-a0-1444-g6c55d0bc0c to
                  | 0.29-a0-234-g0dae59b3db
 32577 | Swamp:1  | Entered Level 1 of the Swamp
 32844 | Swamp:1  | Reached skill level 12 in Stealth
 32845 | Swamp:1  | Demolished by a spriggan rider

Illustrated notes

Levels and vault maps discovered:
D:1:      ebering_hopf_link, layout_loops_ring, serial_forest,
          infiniplex_forest_straight_4, infiniplex_forest_end_2,
          infiniplex_forest_lined_ring, infiniplex_forest_clump_double,
          infiniplex_forest_split, infiniplex_forest_clump_C,
          infiniplex_forest_clump_small, infiniplex_forest_fountain,
          infiniplex_forest_lined_2, chequers_serial_rivers_micro_c
D:2:      layout_basic, basic_altar, uniq_jessica
D:3:      layout_rooms, xom_butterflies, vehumet_crystals, serial_undead,
          serial_undead_a, serial_undead_d, serial_undead_f, serial_undead_e
D:4:      layout_rooms, uniq_blork_the_orc, uniq_grinder
D:5:      layout_layer_cave, mainiacjoe_overflow_concentric_impassable,
          patterned_corridor
D:6:      layout_basic, minmay_temple_entry_slanted, corexii_corridor_pit,
          minmay_misc_feat_ornament, uniq_sigmund, uniq_edmund
D:7:      layout_basic, enter_bailey_4, uniq_duvessa
D:8:      layout_gridville, dpeg_oklobed_lair, uniq_maggie, uniq_erica,
          uniq_gastronok
D:9:      layout_basic, nicolae_gozag_seed_capital,
          nicolae_tso_swordbearing_angel, minmay_misc_feat_diagonals
D:10:     layout_basic, nicolae_hepliaklqana_hazy_memory,
          grunt_temple_overflow_diamond, minmay_joined_circles
D:11:     layout_stronghold, serial_shops, nicolae_stop_n_shop_2,
          grunt_decor_one_mirror, minmay_radiant, uniq_harold
D:12:     layout_irregular_city, david_orc_4
D:13:     gargoyle_guard, layout_loops_corners, david_vaults_5,
          columned_hall_lemuel, hangedman_decor_clover_reticule
D:14:     layout_loops_corners, hangedman_decor_growths,
          minmay_the_grid_square_5x5_3x3_mashed
          [minmay_the_grid_square_5x5_inner_z,
          minmay_the_grid_square_5x5_spiral, minmay_the_grid_square_5x5_n,
          minmay_the_grid_square_5x5_plus,
          minmay_the_grid_square_5x5_megaprize_crossed,
          minmay_the_grid_square_5x5_two_small,
          minmay_the_grid_square_5x5_checkered_sparse,
          minmay_the_grid_square_5x5_moneybag,
          minmay_the_grid_square_5x5_minimal]
D:15:     grunt_enter_depths_magical_seal, layout_basic, serial_glass,
          glass_columns_b, glass_columns_b, serial_shops, shop, st_stairs_13
Temple:   nicolae_temple_figure_eight
Lair:1:   layout_regular_city, gammafunk_ghost_berserking_beasts, uniq_urug
Lair:2:   layout_roguey, gammafunk_ghost_cemetery, beast_lair_carwin_5,
          infiniplex_staircase_pool_2
Lair:3:   kb_forest_paths, layout_misc_corridors, spider_nest_entry_web_field,
          ebering_ghost_xom, minivault_19
Lair:4:   layout_regular_city, minmay_swamp_entry_swarm, lemuel_oklob_altar,
          lemuel_fruit_fields
Lair:5:   layout_layer_cave, slime_dummy, minivault_26,
          infiniplex_staircase_pool, serial_bayou_shore_a, serial_bayou_shore_b,
          grunt_megastairs_4
Lair:6:   due_jungle_book, layout_regular_city
Swamp:1:  layout_basic_swamp, nicolae_swamp_feature_on_the_river_bank
Orc:1:    layout_caves, uniq_sonja, uniq_fannar, uniq_erolcha
Orc:2:    st_orc_elflike, layout_diamond_mine, basic_altar

Skill      XL: |  1  2  3  4  5  6  7  8  9 10 11 12 13 14 15 |
---------------+----------------------------------------------+-----
Spellcasting   | 3 4 5 6 7 9 11 | 11.0
Stealth        | 4 5 6 7 8 11 12 | 12.0
Dodging        | 3 5 8 9 13 | 13.3
Fire Magic     | 3 4 5 |  5.0
Hexes          | 2 6 7 10 12 13 | 13.4
Fighting       | 2 3 5 6 7 |  7.9
Short Blades   | 7 10 12 13 14 | 14.0
Evocations     | 4 9 15 18 | 18.0
Ice Magic      | 2 |  2.0
Conjurations   | |  0.6

Action                   |  1- 3 |  4- 6 |  7- 9 | 10-12 | 13-15 || total
-------------------------+-------+-------+-------+-------+-------++-------
Melee: Dagger            |    12 |    17 |    46 |     1 |       ||    76
       Rapier            |       |       |       |   381 |   931 ||  1312
       Punch             |       |       |       |     4 |    12 ||    16
Throw: Dart              |       |       |    36 |    18 |     3 ||    57
 Cast: Foxfire           |    45 |    92 |   123 |    50 |       ||   310
       Scorch            |       |    15 |    89 |    41 |    28 ||   173
       Inner Flame       |       |       |    18 |    23 |       ||    41
       Confusing Touch   |       |       |     2 |    15 |    39 ||    56
       Ensorcelled Hiber |       |       |       |   122 |   165 ||   287
       Tukima's Dance    |       |       |       |    13 |    12 ||    25
       Mephitic Cloud    |       |       |       |     4 |     2 ||     6
       Enfeeble          |       |       |       |       |    23 ||    23
       Passwall          |       |       |       |       |     7 ||     7
Invok: Curse Item        |       |       |     1 |     3 |     5 ||     9
       Shatter the Chain |       |       |       |     1 |     3 ||     4
 Abil: Evoke Invisibilit |       |       |       |       |     4 ||     4
Evoke: Wand              |       |       |     3 |     6 |     2 ||    11
       Piece from Xom's  |       |       |       |     4 |       ||     4
  Use: Scroll            |       |     8 |     6 |     3 |     7 ||    24
       Potion            |       |     1 |       |       |     1 ||     2
 Stab: Sleeping          |     1 |     4 |       |    82 |   158 ||   245
       Invisible         |       |       |     4 |       |    56 ||    60
       Confused          |       |       |     2 |    18 |    56 ||    76
       Distracted        |       |       |       |       |     2 ||     2
       Paralysed         |       |       |       |       |     1 ||     1
Armor: Robe              |       |     4 |     9 |    30 |    71 ||   114
Dodge: Dodged            |     7 |    21 |    55 |   206 |   553 ||   842
Block: Buckler           |       |       |       |       |    18 ||    18

Table legend: (Time is in decaauts)
 A = Elapsed time spent in this place.
 B = Non-inter-level travel time spent in this place.
 C = Inter-level travel time spent in this place.
 D = Time resting spent in this place.
 E = Time spent auto-exploring this place.
 F = Levels seen in this place.
 G = Mean time per level.
                   A        B        C        D        E       F      G
               +--------+--------+--------+--------+--------+-----+--------+
         Total |  24857 |  23805 |   1052 |   4353 |  15001 |  26 |  956.0 |
       Dungeon |  15616 |  14939 |    677 |   2424 |   9836 |  15 | 1041.1 |
        Temple |    163 |    140 |     23 |      0 |    127 |   1 |  163.0 |
          Lair |   6518 |   6287 |    231 |   1446 |   3695 |   6 | 1086.3 |
         Swamp |    163 |    163 |      0 |      0 |    125 |   1 |  163.0 |
  Orcish Mines |   1639 |   1519 |    120 |    303 |    907 |   2 |  819.5 |
        Bailey |    756 |    756 |      0 |    179 |    309 |   1 |  756.0 |
               +--------+--------+--------+--------+--------+-----+--------+

Top non-repeatable levels by time:
    D:10: 1511 daAuts
     D:7: 1495 daAuts
  Lair:3: 1491 daAuts
     D:5: 1460 daAuts
     D:8: 1287 daAuts
     D:9: 1267 daAuts
     D:6: 1259 daAuts
   Orc:2: 1237 daAuts
  Lair:2: 1174 daAuts
  Lair:6: 1138 daAuts
    D:13: 1075 daAuts
    D:14: 1054 daAuts
  Lair:4: 1016 daAuts
  Lair:5: 1010 daAuts
     D:2: 892 daAuts
